 Dungeon Sprint DCSS version 0.27.1-34-g3ba077fa99 (webtiles) character file.

Game seed: 8087878139729190623

1204 boopmooplesden the Blocker (level 8, -5/82 HPs)
             Began as a Minotaur Fighter on Jan 11, 2022.
             Slain by Menkaure (10 damage)
             ... in the Dungeon (Sprint II: "The Violet Keep of Menkaure").
             The game lasted 00:01:16 (533 turns).

boopmooplesden the Blocker (Minotaur Fighter)        Turns: 533, Time: 00:01:16

Health: -5/82      AC:  9    Str: 22      XL:     8   Next: 21%
Magic:  7/7        EV: 11    Int:  0 (3)  God:
Gold:   972        SH: 13    Dex: 11      Spells: 7/7 levels left

rFire    . . .     SeeInvis .   a - +0 flail
rCold    . . .     Faith    .   c - +0 kite shield
rNeg     . . .     Spirit   .   b - +0 scale mail
rPois    .         Reflect  .   (helmet restricted)
rElec    .         Harm     .   (no cloak)
rCorr    .         Rampage  .   (no gloves)
Will     .....     NoTele   +   (no boots)
Stlth    ..........             (no amulet)
HPRegen  0.00/turn              (no ring)
MPRegen  0.10/turn              (no ring)

@: inhibited regen, slowed, lost intelligence, very slow
A: horns 2, retaliatory headbutt, dopey 1, inhibited regeneration, no potion
heal 1
a: no special abilities


You were in the Dungeon.
You visited 1 branch You collected 972 gold pieces.

Inventory:

Hand Weapons
 a - a +0 flail (weapon)
Armour
 b - a +0 scale mail (worn)
 c - a +0 kite shield (worn)
Scrolls
 j - a scroll of blinking
Potions
 g - a potion of haste
 h - 2 potions of magic
 i - a potion of berserk rage


   Skills:
 + Level 11.4 Fighting
 + Level 8.3 Maces & Flails
 + Level 11.3 Armour
 + Level 4.4 Dodging
 + Level 0.5 Stealth
 + Level 12.2 Shields


You had 7 spell levels left.
You didn't know any spells.
Your spell library was empty.

Dungeon Overview and Level Annotations

Branches:
Dungeon (1/1)

Altars:

Shops:
D !(:[!?:[=

Annotations:
D Menkaure


Innate Abilities, Weirdness & Mutations

You have a pair of horns on your head.
You reflexively headbutt those who attack you in melee.
You are dopey. (Int -2)
You do not regenerate when monsters are visible.
Potions are less effective at restoring your health.


Message History

You closely miss the neqoxec.
The neqoxec is severely wounded.
The neqoxec gestures at you.
Strange energies course through your body.
Your regeneration stops near monsters.
The neqoxec barely misses you.
You completely miss the neqoxec.
The neqoxec is severely wounded.
You block the neqoxec's attack.
You closely miss the neqoxec. Your headbutt misses the neqoxec.
The neqoxec is severely wounded.
You block the neqoxec's attack. The neqoxec barely misses you.
You furiously retaliate!
You headbutt the neqoxec!
You kill the neqoxec!
You feel your intelligence returning.
Menkaure shouts!
Menkaure calls on the powers of darkness!
Your body is wracked with pain!
There is an open door here.
You enter the shallow water.
Moving in this stuff is going to be slow.
You barely miss Menkaure. You headbutt Menkaure.
Menkaure is lightly damaged.
Menkaure casts a spell.
Menkaure seems to speed up.
Your unstable footing causes you to fumble your attack.
You block Menkaure's attack. x2
Your unstable footing causes you to fumble your attack.
Menkaure hits you but does no damage. Menkaure hits you!
* * * LOW HITPOINT WARNING * * *
You hit Menkaure.
You headbutt Menkaure, but do no damage.
Menkaure is lightly damaged.
Menkaure hits you!
* * * LOW HITPOINT WARNING * * *
Menkaure misses you. You furiously retaliate!
You headbutt Menkaure. You hit Menkaure. You headbutt Menkaure!
Menkaure is almost destroyed.
Menkaure hits you!
You die...

#######≈≈≈. ......#≈≈≈
## ## .⌠....#≈≈≈ ##. .##
#### ∩.∩...#≈≈ #..#..#
..# .∩.∩..#≈≈### #.#
###..##
∩.∩...#≈##.###'###.##..#
...∩.∩#M#...##.##.#.#..#
+@'.#.'.<.'##.'..#
.....∩#≈#.).##.###..#...
▓▓▓▓###≈##.###†###.##...
F######≈≈####.#.### ≈≈..
##≈ #..#..# ≈≈≈≈ +#
##...## ≈≈§≈≈ ##+##
≈≈≈≈≈ ≈≈§≈§§


You could see a cane toad and Menkaure (fast).

Vanquished Creatures
  A merfolk siren (D)
  3 neqoxecs (D)
  4 necrophages (D)
  4 scorpions (D)
12 creatures vanquished.

Vanquished Creatures (others)
  A neqoxec (D)
  A water moccasin (D)
2 creatures vanquished.

Grand Total: 14 creatures vanquished

Notes
Turn   | Place    | Note
-------+----------+-------------------------------------------
     0 | D        | boopmooplesden the Minotaur Fighter began the quest for the
                  | Orb.
     0 | D        | Reached XP level 1. HP: 19/19 MP: 0/0
     1 | D        | Noticed a scorpion
     1 | D        | Noticed a scorpion
    11 | D        | Killed a scorpion
    12 | D        | Reached skill level 6 in Shields
    12 | D        | Reached XP level 2. HP: 21/30 MP: 1/1
    12 | D        | Reached XP level 3. HP: 27/37 MP: 2/2
    16 | D        | Killed a scorpion
    17 | D        | Reached skill level 7 in Shields
    17 | D        | Reached XP level 4. HP: 22/47 MP: 3/3
    18 | D        | Noticed a scorpion
    18 | D        | Noticed a scorpion
    22 | D        | Killed a scorpion
    23 | D        | Reached skill level 8 in Shields
    23 | D        | Reached XP level 5. HP: 26/53 MP: 4/4
    27 | D        | Reached skill level 1 in Dodging
    36 | D        | Killed a water moccasin
   296 | D        | Noticed a necrophage
   296 | D        | Noticed a necrophage
   296 | D        | Noticed a necrophage
   296 | D        | Noticed a necrophage
   307 | D        | Killed a necrophage
   308 | D        | Reached skill level 5 in Maces & Flails
   308 | D        | Reached skill level 9 in Shields
   308 | D        | Reached XP level 6. HP: 63/63 MP: 5/5
   316 | D        | Reached skill level 10 in Shields
   327 | D        | Reached skill level 10 in Armour
   334 | D        | Reached skill level 10 in Fighting
   334 | D        | Reached XP level 7. HP: 62/72 MP: 6/6
   345 | D        | Noticed a merfolk siren
   356 | D        | Killed a merfolk siren
   357 | D        | Reached skill level 11 in Shields
   474 | D        | Noticed a neqoxec
   476 | D        | Gained mutation: You are dopey. (Int -2) [a neqoxec]
   480 | D        | Gained mutation: Potions are less effective at restoring
                  | your health. [a neqoxec]
   485 | D        | Killed a neqoxec
   486 | D        | Reached XP level 8. HP: 66/82 MP: 7/7
   494 | D        | Lost intelligence.
   498 | D        | Reached skill level 12 in Shields
   517 | D        | Found Sirod's Jewellery Shop.
   517 | D        | Found Tuhat's Antique Armour Boutique.
   517 | D        | Found Sossoasis's Book Shop.
   517 | D        | Found Lusypn's Distillery.
   517 | D        | Found Gurataj's Magic Scroll Boutique.
   517 | D        | Found Xeahud's Armour Shop.
   518 | D        | Found Nim Cuet's Book Shop.
   519 | D        | Found Pywan's Antique Weapon Shop.
   519 | D        | Found Uxzussez's Distillery.
   519 | D        | Noticed a cane toad
   519 | D        | Noticed Menkaure
   524 | D        | Gained mutation: You do not regenerate when monsters are
                  | visible. [a neqoxec]
   533 | D        | Slain by Menkaure

Illustrated notes

Levels and vault maps discovered:
D:        the_violet_keep_of_menkaure [sprint2_stairs_cluster_1,
          sprint2_shoproom, sprint2_temple, sprint2_basic_supplies,
          sprint2_obstacle_1, sprint2_obstacle_2, sprint2_obstacle_5,
          sprint2_obstacle_6, sprint2_obstacle_7, sprint2_timed_cluster_1,
          sprint2_smallroom_cluster_1, sprint2_smallroom_final_cluster_1,
          sprint2_transparent_cluster_1, sprint2_second_timed_cluster_1,
          sprint2_sniper_area_1, sprint2_heavy_combat_area_1,
          sprint2_mutation_trap_area_1, sprint2_forest_area_1,
          sprint2_light_combat_area_1, sprint2_behind_water_1,
          sprint2_near_end_vault_1]

Skill      XL: |  1  2  3  4  5  6  7  8 |
---------------+-------------------------+-----
Fighting       | 6 7 9 10 11 | 11.4
Maces & Flails | 3 4 5 6 7 8 |  8.3
Armour         | 6 7 8 9 10 11 | 11.3
Shields        | 6 7 8 9 10 11 12 | 12.2
Dodging        | 1 2 4 |  4.4
Stealth        | |  0.5

Action                   |  1- 3 |  4- 6 |  7- 9 || total
-------------------------+-------+-------+-------++-------
Melee: Flail             |    12 |    43 |    36 ||    91
       Headbutt          |     1 |     7 |    10 ||    18
  Use: Potion            |     3 |       |       ||     3
Armor: Scale mail        |     5 |    12 |     3 ||    20
Dodge: Dodged            |     2 |    12 |     7 ||    21
Block: Kite shield       |     7 |    23 |     8 ||    38
